cohdb
Replays
Latest Replays
All Replays
Popular Replays
Top Player Replays
Match Explorer
How It Works
Community
CoH3 Stats
Reddit
Sign in to upload your games and track your stats! →
Sign in with Steam
Match 46490423
Unlisted
Match 46490423
Overview
Messages
Build Orders
End
Royal Engineer Section
Construct Section Command Post
Dingo Light Scout Car
ML 3-inch Mortar Team
Infantry Section
Infantry Section
Grenade Package
Construct Platoon Command Post
Unlock M3 Stuart Light Tanks
Selects Canadian Shock Battlegroup
Selects Canadian Shock Battlegroup
Selects Attacking Spirit
Selects Canadian Shock Section
Selects Incendiary Munitions
M3 Stuart Light Tank
Canadian Shock Section
Selects Pyrotechnics
M3 Stuart Light Tank
帝国大机霸贝克尔少校
天天关注喵
Angrybirds
Demi
0
0
Comments
sign in to comment!
No comments posted yet!